 Dungeon Crawl Stone Soup version 0.23.2-33-g5129a83184 (webtiles) character file.

Game seed: 10339735929758065678

60 Folque the Conjurer (level 3, -3/28 HPs)
             Began as a Demigod Conjurer on July 27, 2019.
             Slain by a wight
             ... wielding a cursed +4 scimitar of freezing
              (5 damage)
             ... on level 1 of the Dungeon.
             The game lasted 00:02:24 (956 turns).

Folque the Conjurer (Demigod Conjurer)               Turns: 956, Time: 00:02:25

Health: -3/28      AC:  3    Str: 11    XL:     3   Next: 55%
Magic:  1/9        EV: 12    Int: 21    God:
Gold:   68         SH:  0    Dex: 16    Spells: 4/7 levels left

rFire    . . .     SeeInvis .   k - +0 short sword
rCold    . . .     Gourm    .   (no shield)
rNeg     . . .     Faith    .   a - +0 robe
rPois    .         Spirit   .   (no helmet)
rElec    .         Reflect  .   (no cloak)
rCorr    .         Harm     .   f - +0 pair of gloves
MR       .....                  (no boots)
Stlth    ++........             (no amulet)
HPRegen  0.09/turn              (no ring)
MPRegen  0.11/turn              (no ring)

@: lightly drained
A: high mp 1
a: no special abilities


You were on level 1 of the Dungeon.
You were not hungry.

You visited 1 branch of the dungeon, and saw 2 of its levels.

You collected 68 gold pieces.

Inventory:

Hand Weapons
 d - a +0 whip
 h - a +0 dagger
 k - a +0 short sword (weapon)
Armour
 a - a +0 robe (worn)
 f - a +0 pair of gloves (worn)
Scrolls
 b - a scroll of identify {unknown}
 e - 4 scrolls of teleportation {unknown}
 i - a scroll of blinking {unknown}
Potions
 j - a potion of haste {unknown}
Comestibles
 c - 2 rations
 g - 3 chunks of flesh


   Skills:
 + Level 1.3(1.0) Fighting
 - Level 1.7(1.4) Dodging
 - Level 1.7(1.4) Stealth
 * Level 2.8(2.5) Spellcasting
 + Level 4.0(3.7) Conjurations


You had 4 spell levels left.
You knew the following spells:

 Your Spells              Type           Power        Failure   Level  Hunger
a - Magic Dart            Conj           ###.         3%          1    None
b - Searing Ray           Conj           ###...       4%          2    ##.....

Your spell library contained the following spells:

 Spells                   Type           Power        Failure   Level  Hunger
 Dazzling Spray           Conj/Hex       ##....       21%         3    ###....
 Iskenderun's Mystic Bla  Conj           ###.....     30%         4    ####...
 Force Lance              Conj/Tloc      ##......     54%         4    ####...
 Fulminant Prism          Conj/Hex       ##........   54%         4    ####...


Dungeon Overview and Level Annotations

Branches:
Dungeon (2/15)


Innate Abilities, Weirdness & Mutations

You have an increased reservoir of magic. (+10% MP)


Message History

You finish channeling your searing ray.
You see here a +0 club.
There is a stone staircase leading up here.
The wight completely misses you.
You climb upwards.
There is a stone staircase leading down here.
Casting: Searing Ray (safe; 4% risk of failure)
Confirm with . or Enter, or press ? or * to list all spells.
Aiming: Searing Ray (safe; 4% risk of failure)
Press: ? - help, Shift-Dir - straight line, f - wight
Aim: a wight, wielding a +4 scimitar of freezing and wearing a +0 robe (heavily damaged)
The searing ray hits the wight.
The wight is heavily damaged. (Press . to maintain the ray.)
The wight hits you with a cursed +4 scimitar of freezing!
* * * LOW HITPOINT WARNING * * *
You feel drained.
* * * LOW HITPOINT WARNING * * *
The wight freezes you.
You die...

### ##### ##.# ###.#.#
...#### #.....#
......# #.#...###
...##.# #.#.....#
#####.# #.#.....#
#.########.......#
#####...........z....#
..(.............@...##
#######.####.###.####
#......# #.#
#######..##### #.#
.....##..# #.#
.....##..#######.#
.....##..........#
.....#.....#######
######.....#


You could see a wight.

Vanquished Creatures
  A wight (D:2)
  5 bats
  2 giant cockroaches (D:1)
  5 hobgoblins
  2 jackals (D:1)
  A goblin (D:1)
  2 kobolds (D:1)
  2 rats (D:1)
20 creatures vanquished.

Notes
Turn   | Place    | Note
-------+----------+-------------------------------------------
     0 | D:1      | Folque the Demigod Conjurer began the quest for the Orb.
     0 | D:1      | Reached XP level 1. HP: 14/14 MP: 5/5
   595 | D:1      | Reached XP level 2. HP: 22/22 MP: 7/7
   659 | D:1      | Learned a level 2 spell: Searing Ray
   909 | D:2      | Noticed a wight
   941 | D:2      | Noticed a wight
   941 | D:2      | Noticed a wight
   941 | D:2      | Noticed a wight
   941 | D:2      | Noticed a wight
   945 | D:2      | Killed a wight
   945 | D:2      | Reached skill level 1 in Fighting
   945 | D:2      | Reached skill level 4 in Conjurations
   945 | D:2      | Reached XP level 3. HP: 12/28 MP: 3/9
   956 | D:1      | Slain by a wight

Skill      XL: |  1  2 |
---------------+-------+-----
Spellcasting   | 2 |  2.8
Fighting       | 1 |  1.3
Conjurations   | 4 |  4.0
Dodging        | |  1.7
Stealth        | |  1.7

Action                   || total
-------------------------++-------
Melee: Short sword       ||    54
       Dagger            ||     8
       Whip              ||     7
       Unarmed           ||     5
 Cast: Magic Dart        ||    11
       Searing Ray       ||     2
 Stab: Sleeping          ||     4
Armor: Robe              ||    21
Dodge: Dodged            ||    64
